 Dungeon Crawl Stone Soup version 0.32-a0-705-g60f2335 (webtiles) character file.

Game seed: 2679399869701436929

2072 WinterFox the Conjurer (level 9, -1/54 HPs)
             Began as a Tengu Reaver on Mar 14, 2024.
             Was a Follower of Elyvilon.
             Slain by an iguana (8 damage)
             ... on level 6 of the Dungeon.
             The game lasted 00:10:29 (6082 turns).

WinterFox the Conjurer (Tengu Reaver)               Turns: 6082, Time: 00:10:29

Health: -1/54      AC:  7    Str: 12    XL:     9   Next: 26%
Magic:  17/17      EV: 16    Int: 23    God:    Elyvilon [*.....]
Gold:   267        SH:  4    Dex: 14    Spells: 12/18 levels left

rFire   . . .        E - +4 flail
rCold   + . .        D - +0 buckler
rNeg    . . .        r - +2 leather armour {rC+}
rPois   .            (helmet restricted)
rElec   .            m - +0 cloak
rCorr   .            C - +0 pair of gloves
SInv    .            (boots unavailable)
Will    .....        (no amulet)
Stlth   +            c - +6 ring of intelligence
HPRegen 0.29/turn    (no ring)
MPRegen 0.15/turn

%: acrobat
@: flying
A: beak, talons 3, evasive flight, acrobatic
a: Renounce Religion, Purification


You were on level 6 of the Dungeon.
You worshipped Elyvilon.
Elyvilon was aware of your devotion.
You visited 2 branches of the dungeon, and saw 7 of its levels.
You also visited: Sewer.

You collected 267 gold pieces.

Inventory:

Hand Weapons
 a - a +0 spear
 e - a +3 whip
 p - the +4 sling "Trog's Vengeance" {heavy, +Blink rN+ rCorr}
   (You found it on level 3 of the Dungeon)

   rN+:       It protects you from negative energy.
   +Blink:    It lets you blink.
   rCorr:     It protects you from acid and corrosion.
 B - a +0 flail of protection
 E - a +4 flail (weapon)
 H - a +1 whip of flaming
Armour
 k - a +2 robe of fire resistance
 m - a +0 cloak (worn)
 o - an orb of energy
 r - a +2 leather armour of cold resistance (worn)
 C - a +0 pair of gloves (worn)
 D - a +0 buckler (worn)
Jewellery
 c - a +6 ring of intelligence (left hand)
Wands
 l - a wand of warping (5)
 n - a wand of quicksilver (7)
 z - a wand of mindburst (30)
Scrolls
 b - 3 scrolls of summoning
 q - a scroll of fog {unknown}
 u - a scroll of revelation {unknown}
 w - a scroll of enchant weapon
 x - 2 scrolls of fear {unknown}
 y - 3 scrolls of enchant armour
 A - 3 scrolls of teleportation
 F - a scroll of brand weapon {unknown}
 I - a scroll of immolation {unknown}
 J - a scroll of amnesia {unknown}
Potions
 d - 3 potions of might
 f - 2 potions of brilliance
 g - a potion of lignification {unknown}
 h - 2 potions of mutation
 j - a potion of attraction {unknown}
 s - 2 potions of haste
 t - 2 potions of invisibility
 v - a potion of heal wounds {unknown}
 G - a potion of resistance {unknown}


   Skills:
 - Level 5.0 Fighting
 + Level 6.1 Maces & Flails
 - Level 3.3 Polearms
 - Level 5.0 Dodging
 + Level 3.6 Shields
 - Level 5.0 Spellcasting
 + Level 6.6 Conjurations
 + Level 2.8 Invocations


You had 12 spell levels left.
You knew the following spells:

 Your Spells              Type           Power      Damage    Failure   Level
a - Kiss of Death         Conj/Necr      84%        2d11      4%          1
b - Momentum Strike       Conj/Tloc      42%        3d9       6%          2
c - Hailstorm             Conj/Ice       21%        3d7       13%         3

Your spell library contained the following spells:

 Spells                   Type           Power      Damage    Failure   Level
 Gell's Gravitas          Tloc           5%         N/A       45%         3
 Teleport Other           Tloc           5%         N/A       45%         3
 Tukima's Dance           Hex            5%         N/A       45%         3
 Animate Dead             Necr           5%         N/A       86%         4
 Passage of Golubria      Tloc           5%         N/A       86%         4
 Borgnjor's Vile Clutch   Necr/Erth      2%         N/A       99%         5
 Yara's Violent Unravell  Hex/Alch       2%         3d3       99%         5
 Death Channel            Necr           2%         N/A       100%        6
 Dispersal                Tloc           2%         N/A       100%        6


Dungeon Overview and Level Annotations

Branches:
Dungeon (6/15)             Temple (1/1) D:5           Sewer (visited)

Altars:
Ashenzari
Dithmenos
Elyvilon
Fedhas
Gozag
Hepliaklqana
Kikubaaqudgha
Makhleb
Nemelex Xobeh
Okawaru
Qazlal
Ru
Sif Muna
Trog
Vehumet
Wu Jian
Xom
Yredelemnul
Zin
The Shining One

Portals:
Abyss: D:3

Annotations:
D:3 2 transporters, magiryoung's ghost, weakling DrSh


Innate Abilities, Weirdness & Mutations

You have a beak for a mouth.
You have claws for feet.
Your magical flight helps you evade attacks. (EV +4)
You can magically evade attacks while moving or waiting.


Message History

The shadow imp closely misses you.
You sock the sleepcap!
The sleepcap is severely damaged.
The iguana barely misses you. You block the sleepcap's attack.
The shadow imp closely misses you.
You thump the sleepcap!
You destroy the sleepcap!
The iguana barely misses you. The shadow imp closely misses you.
The iguana closely misses you. The sleepcap releases spores at you.
You are engulfed in a cloud of soporific spores!
You fall asleep.
The shadow imp hits you but does no damage.
The iguana bites you!!
You wake up.
Ouch! That really hurt!
* * * LOW HITPOINT WARNING * * *
The shadow imp barely misses you. You block the sleepcap's attack.
You are too injured to fight recklessly!
You are too injured to fight recklessly!
Unknown command.
You are too injured to fight recklessly!
You are too injured to fight recklessly!
The iguana hisses menacingly.
The shadow imp sputters.
You hit the iguana. Your kick misses the iguana.
You peck the iguana, but do no damage.
The iguana is moderately wounded.
You block the iguana's attack.
You barely miss the iguana. Your kick misses the iguana.
You peck the iguana, but do no damage.
The iguana is moderately wounded.
You block the iguana's attack.
You completely miss the iguana.
The iguana is moderately wounded.
The iguana misses you.
You hit the iguana but do no damage. You claw the iguana.
The iguana is severely wounded.
The iguana bites you!
* * * LOW HITPOINT WARNING * * *
The iguana bites you!
You die...

#.#####.###..# #.##########
##.# #..###.# #.##.......#
...# ##...#.####
#..#.......# .### ##.......#
#..#.......# .#
#####...###..#.......# .#
###..##.......#.†.....# ##
#....f.f5##.........%.# ####
#......'.#l###...###.####
##.# ###....'.#@# #...# #.#
##.### ###..###.# #...# #.#
)....# #.### #.# #...# #.#
##...# ##.# #.###...###.#
#....# #..# #.##.....##.#
#.#..###.## #.#..#.#..#.#
#.#......#######...##.##.#.#
.........................#.#
..###....#...####..##.####.#


You could see a sleepcap, an iguana and a shadow imp.

Vanquished Creatures
  Pikel (D:6)
  Sigmund (D:2)
  An ice beast (D:6)
  A black bear (D:5)
  2 ogres (D:5)
  2 brain worms (Sewer)
  A bullfrog (D:6)
  2 scorpions
  3 wights
  A bombardier beetle (D:4)
  An orc priest (D:6)
  3 hounds
  A jelly (D:5)
  2 sleepcaps
  Jessica (D:2)
  Terence (D:2)
  4 iguanas
  Robin (D:2)
  14 adders
  3 gnolls (D:3)
  A dart slug (D:3)
  A ribbon worm (D:3)
  9 orcs
  6 endoplasms
  A giant cockroach (D:3)
  8 goblins
  11 hobgoblins
  3 quokkas
  13 ball pythons
  7 bats
  7 frilled lizards
  9 kobolds
  6 rats
128 creatures vanquished.

Notes
Turn   | Place    | Note
-------+----------+-------------------------------------------
     0 | D:1      | WinterFox the Tengu Reaver began the quest for the Orb.
     0 | D:1      | Reached XP level 1. HP: 12/12 MP: 4/4
   212 | D:1      | Reached XP level 2. HP: 17/17 MP: 6/6
   552 | D:1      | Found a faded altar of an unknown god.
   742 | D:2      | Noticed Robin
   764 | D:2      | Reached XP level 3. HP: 10/21 MP: 7/7
   769 | D:2      | Killed Robin
   770 | D:2      | Reached skill level 1 in Maces & Flails
   976 | D:2      | Learned a level 2 spell: Momentum Strike
  1027 | D:2      | Noticed Jessica
  1030 | D:2      | Killed Jessica
  1031 | D:2      | Reached XP level 4. HP: 27/27 MP: 5/8
  1077 | D:2      | Noticed Terence
  1083 | D:2      | Killed Terence
  1115 | D:2      | Reached XP level 5. HP: 28/31 MP: 10/10
  1143 | D:2      | Noticed Sigmund
  1319 | D:2      | Killed Sigmund
  1320 | D:2      | Reached skill level 5 in Conjurations
  1320 | D:2      | Reached XP level 6. HP: 12/37 MP: 4/11
  1848 | D:2      | Learned a level 3 spell: Hailstorm
  1910 | D:3      | Identified the +4 sling "Trog's Vengeance" {heavy, +Blink
                  | rN+ rCorr}
  1989 | D:3      | Found a glowing drain.
  2053 | Sewer    | Entered a sewer
  2422 | Sewer    | Gained mutation: Your magical flight helps you evade
                  | attacks. (EV +4) [Tengu growth]
  2422 | Sewer    | Reached XP level 7. HP: 41/42 MP: 10/13
  2835 | D:3      | Found a transporter.
  2837 | D:3      | Found a one-way gate to the infinite horrors of the Abyss.
  2840 | D:3      | Found a transporter.
  2860 | D:3      | Noticed magiryoung's ghost (weakling DrSh)
  3243 | D:3      | Noticed an ancient zyme
  4143 | D:5      | Entered Level 5 of the Dungeon
  4234 | D:5      | Reached skill level 1 in Shields
  4464 | D:5      | Reached XP level 8. HP: 48/48 MP: 10/15
  4498 | D:5      | Found a staircase to the Ecumenical Temple.
  4506 | D:5      | Reached skill level 5 in Dodging
  4520 | Temple   | Entered the Ecumenical Temple
  4577 | Temple   | Became a worshipper of Elyvilon the Healer
  5322 | D:5      | Reached skill level 1 in Invocations
  5515 | D:6      | Reached skill level 5 in Maces & Flails
  5517 | D:6      | Reached skill level 5 in Fighting
  5844 | D:6      | Reached * piety under Elyvilon
  5883 | D:6      | Noticed Pikel
  5893 | D:6      | Killed Pikel
  5894 | D:6      | Reached skill level 5 in Spellcasting
  5894 | D:6      | Reached XP level 9. HP: 54/54 MP: 13/17
  6082 | D:6      | Slain by an iguana

Illustrated notes

Levels and vault maps discovered:
D:1:      amcnicky_arrival_underground_garden, layout_loops_ring,
          dilly_ecumenical_altar_fadedgnrine
D:2:      layout_basic, grunt_ministairs_11, uniq_terence, uniq_jessica,
          uniq_sigmund, uniq_robin
D:3:      layout_basic, gammafunk_ghost_abyssal_escape,
          cheibrodos_sewer_entry_drain, small_statue_intersection,
          chequers_avenue
D:4:      layout_basic, serial_park_tiny_pond, st_stairs_7, nrook_mini_vaults
D:5:      layout_cave_pods, minmay_temple_entry_statues_fountains
D:6:      layout_rooms, hellmonk_no_cap, uniq_pikel
Temple:   mainiacjoe_temple_cubbyholes

Skill      XL: |  1  2  3  4  5  6  7  8  9 |
---------------+----------------------------+-----
Maces & Flails | 1 3 4 5 6 |  6.1
Dodging        | 3 4 5 |  5.0
Fighting       | 3 4 5 |  5.0
Spellcasting   | 3 4 5 |  5.0
Conjurations   | 5 6 |  6.6
Shields        | 1 3 |  3.6
Invocations    | 2 |  2.8
Polearms       | |  3.3

Action                     |  1- 3 |  4- 6 |  7- 9 || total
---------------------------+-------+-------+-------++-------
  Melee: Spear             |    11 |       |       ||    11
         Whip              |    61 |    98 |   104 ||   263
         Kick              |    12 |    20 |    52 ||    84
         Peck              |     6 |    14 |    37 ||    57
         Flail             |       |       |    60 ||    60
   Fire: Sling             |       |    13 |       ||    13
   Cast: Momentum Strike   |     1 |     5 |    13 ||    19
         Kiss of Death     |       |     2 |       ||     2
         Hailstorm         |       |     2 |     4 ||     6
  Evoke: Wand              |       |       |     2 ||     2
    Use: Scroll            |       |       |    11 ||    11
 Armour: Leather armour    |    30 |    17 |    58 ||   105
         Robe              |       |    42 |       ||    42
  Dodge: Dodged            |    39 |    77 |   128 ||   244
  Block: Buckler           |       |       |    17 ||    17

Table legend: (Time is in decaauts)
 A = Elapsed time spent in this place.
 B = Non-inter-level travel time spent in this place.
 C = Inter-level travel time spent in this place.
 D = Time resting spent in this place.
 E = Time spent auto-exploring this place.
 F = Levels seen in this place.
 G = Mean time per level.
                   A        B        C        D        E       F      G
               +--------+--------+--------+--------+--------+-----+--------+
         Total |   6124 |   5784 |    340 |    167 |   4581 |   8 |  765.5 |
       Dungeon |   5377 |   5147 |    230 |    167 |   4093 |   6 |  896.2 |
        Temple |    112 |      2 |    110 |      0 |      0 |   1 |  112.0 |
         Sewer |    634 |    634 |      0 |      0 |    488 |   1 |  634.0 |
               +--------+--------+--------+--------+--------+-----+--------+

Top non-repeatable levels by time:
     D:5: 1064 daAuts
     D:2: 1057 daAuts
     D:3: 864 daAuts
     D:1: 838 daAuts
     D:4: 782 daAuts
     D:6: 770 daAuts
   Sewer: 634 daAuts
  Temple: 112 daAuts
